AoeStats
← Rejmoj

Oasis

508724895Analyzed
4v4 RM · 7d ago on Sep 23, 2026· 85m 8s· 8 players
Game mode
Random Map
Map size
Large (8 player)
Population
200
Speed
Normal
Resources
Standard
Victory
Conquest
Starting age
Dark Age
Ending age
Imperial Age
RankedLock teamsTeams togetherTeam positionsShared explorationLock speedFull tech treeHidden civsTurbo modeCheats
Victory
Defeat
🇭🇰 Huns · Hong Kong SAR China
918
+16
🇨🇳 Danes · China
917
+16
🇮🇹 Italians · Italy
887
+17
🇨🇿 Japanese · Czechia
846
+19
🇸🇪 Japanese · Sweden
942
-18
🇸🇪 Varangians · Sweden
922
-17
🇸🇪 Britons · Sweden
913
-17
🇸🇪 Chinese · Sweden
890
-16
幻影碧萝
12:22 Feudal Age
17:09 Castle Age
16:28 Double-Bit Axe
17:03 Horse Collar
25:13 Fletching
25:34 Forging
25:30 Scale Barding Armor
28:15 Bodkin Arrow
30:25 Thumb Ring
30:45 Padded Archer Armor
35:10 Gold Mining
36:08 Bloodlines
39:27 Leather Archer Armor
39:16 Husbandry
40:27 Bow Saw
43:33 Imperial Age
42:11 Ballistics
43:09 Iron Casting
42:55 Chain Barding Armor
41:59 Light Cavalry
43:41 Heavy Cavalry Archer
45:57 Parthian Tactics
44:56 Hussar
47:24 Blast Furnace
46:25 Bracer
51:26 Conscription
53:32 Plate Barding Armor
55:15 Chemistry
56:06 Wheelbarrow
55:17 Loom
67:03 Town Watch
83716497273
11:00 Feudal Age
15:37 Castle Age
14:57 Double-Bit Axe
14:54 Horse Collar
18:54 Bow Saw
18:47 Heavy Plow
19:33 Loom
23:23 Wheelbarrow
23:19 Ballistics
23:12 Gold Mining
35:51 Imperial Age
33:18 Stone Mining
35:32 Stone Shaft Mining
35:33 Gold Shaft Mining
34:46 Town Watch
35:19 Scale Mail Armor
35:30 Forging
36:49 Chain Mail Armor
36:44 Forging
37:08 Forging
38:09 Plate Mail Armor
37:42 Squires
37:27 Arson
39:00 Iron Casting
39:31 Conscription
38:32 Hamask
39:42 Hand Cart
39:27 Town Patrol
39:44 Capped Ram
39:59 Pikeman
40:57 Northmen's Fury
41:20 Siege Ram
42:44 Siege Engineers
43:13 Pikeman
43:40 Arson
43:16 Elite Varangian Guard
45:07 Blast Furnace
47:04 Heavy Scorpion
52:13 Caravan
52:26 Caravan
53:42 Hoardings
53:18 Masonry
53:04 Murder Holes
53:05 Fletching
65:50 Town Patrol
73:55 Gambesons
81:19 Onager
84:13 Coinage
Ctibor
0:28 Loom
12:58 Feudal Age
18:10 Double-Bit Axe
18:09 Horse Collar
22:18 Castle Age
20:37 Man-at-Arms
21:33 Gold Mining
24:46 Caravan
25:50 Husbandry
26:00 Bloodlines
26:04 Fletching
26:26 Squires
32:59 Wheelbarrow
33:57 Scale Mail Armor
34:07 Forging
37:34 Imperial Age
36:03 Hand Cart
37:35 Ballistics
37:33 Chain Mail Armor
38:10 Bow Saw
38:06 Heavy Plow
39:41 Plate Mail Armor
39:11 Capped Ram
39:53 Arson
41:43 Chemistry
41:50 Kataparuto
41:54 Conscription
43:27 Siege Engineers
44:00 Iron Casting
42:56 Elite Samurai
43:13 Pikeman
46:57 Blast Furnace
45:53 Bodkin Arrow
48:07 Halberdier
49:00 Bracer
49:50 Murder Holes
52:31 Cavalier
60:54 Light Cavalry
63:58 Heavy Cavalry Archer
65:04 Parthian Tactics
64:45 Thumb Ring
72:24 Padded Archer Armor
72:30 Scale Barding Armor
Israfillidan
0:55 Loom
11:28 Feudal Age
12:05 Double-Bit Axe
28:01 Castle Age
26:10 Fletching
30:11 Man-at-Arms
31:14 Crossbowman
37:19 Elite Skirmisher
38:08 Padded Archer Armor
42:23 Wheelbarrow
43:53 Scale Mail Armor
43:51 Pikeman
44:44 Horse Collar
46:54 Bodkin Arrow
47:11 Forging
49:04 Leather Archer Armor
64:02 Thumb Ring
Rejmoj
11:16 Feudal Age
14:29 Double-Bit Axe
16:41 Gold Mining
19:30 Castle Age
18:23 Horse Collar
19:44 Crossbowman
21:00 Fletching
21:11 Padded Archer Armor
22:29 Ballistics
25:49 Stone Mining
26:11 Bow Saw
26:03 Heavy Plow
30:50 Wheelbarrow
33:31 Yeomen
33:47 Bodkin Arrow
34:08 Leather Archer Armor
36:38 Gold Shaft Mining
41:42 Imperial Age
41:50 Elite Longbowman
42:59 Conscription
43:19 Bracer
43:57 Ring Archer Armor
45:30 Chemistry
50:04 Hand Cart
49:35 Town Watch
49:37 Loom
55:46 Warwolf
55:23 Capped Ram
55:28 Onager
70:52 Man-at-Arms
71:18 Gambesons
71:19 Arson
71:35 Squires
71:17 Pikeman
72:10 Forging
72:01 Scale Mail Armor
71:54 Long Swordsman
73:13 Two-Handed Swordsman
74:05 Champion
76:32 Iron Casting
76:14 Chain Mail Armor
79:50 Halberdier
83:40 Two-Man Saw
Peadar Pàrcair
11:07 Feudal Age
11:37 Double-Bit Axe
14:26 Bloodlines
20:52 Castle Age
19:29 Horse Collar
20:05 Scale Barding Armor
20:10 Forging
21:36 Husbandry
25:46 Bow Saw
26:12 Chain Barding Armor
28:09 Iron Casting
30:40 Wheelbarrow
29:54 Loom
29:59 Treadmill Crane
30:27 Fletching
30:34 Gold Mining
32:23 Murder Holes
36:09 Imperial Age
36:37 Ballistics
36:24 Bodkin Arrow
36:34 Caravan
37:18 Conscription
37:21 Heavy Plow
37:19 Vendel Legacy
40:54 Plate Barding Armor
41:20 Blast Furnace
41:45 Chemistry
42:04 Hand Cart
41:40 Elite Skirmisher
42:41 Cavalier
44:32 Coinage
44:13 Guilds
46:59 Siege Engineers
47:19 Light Cavalry
49:59 Banking
51:46 Bracer
51:46 Padded Archer Armor
52:52 Stone Mining
53:17 Masonry
54:41 Leather Archer Armor
57:01 Hussar
69:34 Crop Rotation
Goose
10:34 Loom
15:15 Feudal Age
19:47 Double-Bit Axe
19:45 Horse Collar
25:32 Castle Age
23:59 Forging
23:50 Scale Mail Armor
23:56 Fletching
24:06 Padded Archer Armor
26:37 Squires
25:57 Pikeman
28:46 Elite Skirmisher
29:51 Thumb Ring
30:48 Bodkin Arrow
31:08 Leather Archer Armor
31:16 Ballistics
31:58 Bow Saw
34:11 Leather Archer Armor
35:53 Gold Mining
35:54 Stone Mining
37:33 Fortified Wall
37:20 Murder Holes
37:49 Masonry
41:58 Imperial Age
40:52 Wheelbarrow
40:41 Caravan
42:43 Chain Mail Armor
43:03 Iron Casting
43:26 Gold Shaft Mining
43:26 Stone Shaft Mining
43:56 Two-Man Saw
43:06 Heavy Plow
43:49 Ring Archer Armor
44:13 Conscription
44:20 Bracer
46:28 Heavy Rocket Cart
47:29 Elite Fire Lancer
50:28 Plate Mail Armor
50:59 Blast Furnace
53:02 Chemistry
52:33 Architecture
53:49 Hand Cart
53:25 Town Watch
53:34 Arson
55:08 Coinage
58:32 Halberdier
magicOLIVER+
5:14 Loom
10:35 Feudal Age
11:02 Man-at-Arms
13:42 Fletching
14:04 Forging
14:18 Arson
21:42 Gold Mining
25:16 Castle Age
23:40 Stone Mining
24:49 Horse Collar
26:30 Double-Bit Axe
27:05 Scale Mail Armor
27:27 Fletching
30:20 Squires
31:20 Gold Shaft Mining
38:05 Imperial Age
38:34 Wheelbarrow
37:44 Town Watch
38:19 Husbandry
38:31 Bloodlines
39:29 Light Cavalry
40:43 Conscription
40:43 Chain Mail Armor
41:37 Hand Cart
41:38 Heavy Plow
44:33 Elite Samurai
48:04 Plate Mail Armor
48:09 Iron Casting
54:25 Kataparuto
57:33 Murder Holes
83:42 Elite Skirmisher
84:28 Thumb Ring
Connection lost

Rejoining the realm…

Still unreachable

The connection could not be restored.

Session expired

The server has moved on; the page needs a fresh start.